 Dungeon Crawl Stone Soup version 0.30-a0-860-g512cf1e979 (webtiles) character file.

Game seed: 10826244366912225110

170 zenocrate the Insei (level 5, 0/54 HPs)
             Began as an Octopode Transmuter on Mar 7, 2023.
             Slain by an orc
             ... wielding a +2 hand axe of electrocution
              (4 damage)
             ... on level 4 of the Dungeon.
             The game lasted 00:02:52 (2942 turns).

zenocrate the Insei (Octopode Transmuter)           Turns: 2942, Time: 00:02:52

Health: 0/54       AC: 22    Str: 10    XL:     5   Next: 50%
Magic:  7/7        EV:  2    Int: 17    God:
Gold:   198        SH:  0    Dex: 12    Spells: 1/8 levels left

rFire   . . .      SeeInvis .      - Unarmed
rCold   + . .      Faith    .    (no shield)
rNeg    . . .      Spirit   .    (helmet currently unavailable)
rPois   +          Reflect  .    (no amulet)
rElec   .          Rampage  .    g - ring of protection from cold
rCorr   .          NoTele   +    p - ring of poison resistance
Will    .....                    (no ring)
Stlth   ++                       (no ring)
HPRegen 0.29/turn                (no ring)
MPRegen 0.10/turn                (no ring)
                                 (no ring)
                                 (no ring)

@: tree-form, attractive
A: stationary, stasis, torment immunity, boosted hp, almost no armour,
(amphibious), 8 rings, (camouflage 1), (gelatinous body 1), (nimble swimmer 1),
(tentacles), low MP 1, robust 1, MP-powered wands
a: no special abilities


You were on level 4 of the Dungeon.
You were a tree.
You visited 1 branch of the dungeon, and saw 4 of its levels.

You collected 198 gold pieces.

Inventory:

Jewellery
 g - a ring of protection from cold (left branch)
 p - a ring of poison resistance (right branch)
Scrolls
 b - a scroll of blinking {unknown}
 c - a scroll of vulnerability {unknown}
 d - 2 scrolls of amnesia {unknown}
 f - 2 scrolls of identify {unknown}
 k - a scroll of fog {unknown}
 l - 2 scrolls of teleportation
 o - 2 scrolls of fear {unknown}
 q - a scroll of summoning {unknown}
Potions
 e - a potion of magic
 h - 3 potions of mutation
 i - a potion of attraction
 j - a potion of curing {unknown}
 m - a potion of heal wounds {unknown}
 n - a potion of haste {unknown}
 r - a potion of might {unknown}


   Skills:
 - Level 1.0 Fighting
 - Level 2.0 Dodging
 - Level 1.1 Stealth
 + Level 4.4 Unarmed Combat
 - Level 2.0 Spellcasting
 + Level 3.8 Transmutations
 + Level 1.6 Ice Magic


You had one spell level left.
You knew the following spells:

 Your Spells              Type           Power      Damage    Failure   Level
a - Beastly Appendage     Tmut           28%        N/A       4%          1
b - Wereblood             Tmut           14%        N/A       6%          2
c - Ice Form              Ice/Tmut       11%        N/A       52%         4

Your spell library contained the following spells:

 Spells                   Type           Power      Damage    Failure   Level
 Slow                     Hex            4%         N/A       19%         1
 Passwall                 Tmut/Erth      6%         N/A       14%         2
 Ensorcelled Hibernation  Hex/Ice        8%         N/A       21%         2
 Spider Form              Tmut/Pois      8%         N/A       26%         3
 Confusing Touch          Hex            1%         N/A       50%         3
 Swiftness                Air            1%         N/A       50%         3
 Vampiric Draining        Necr           1%         2d6       50%         3


Dungeon Overview and Level Annotations

Branches:
Dungeon (4/15)
 Temple: D:4-7

Altars:


Innate Abilities, Weirdness & Mutations

You are a tree.
Your roots penetrate the ground, keeping you stationary.
You cannot be teleported.
You are immune to unholy pain and torment.
Your maximum health is greatly increased.
You cannot wear most types of armour.
((You are amphibious.))
You can wear up to eight rings at the same time.
((Your skin changes colour to match your surroundings (Stealth+).))
((Your rubbery body absorbs attacks. (AC +1, EV +1)))
((You are camouflaged when in or above water. (Stealth+)))
((You have tentacles for arms and can constrict up to eight enemies at once.))
Your magical capacity is low. (-10% MP)
You are robust. (+10% HP)
You expend magic power (3 MP) to strengthen your wands.


Message History

You kill the adder!
The orc hits you with a +0 dagger.
Unknown command.
You closely miss the orc. Your grab misses the orc.
Your tentacle spike misses the orc.
The orc barely misses you. Something hits you.
You tentacle-slap the orc. You grab the orc. You tentacle-slap the orc.
You kill the orc!
Something hits you.
Found a stone staircase leading down.
Something hits you. Something hits you.
Your transformation is almost over.
You tentacle-slap something. Your squeeze misses something. Something hits you.
* * * LOW HITPOINT WARNING * * *
It was a potion of mutation.
You feel extremely strange.
You feel less energetic.
You feel your magical essence link to the dungeon's wands.
You feel robust. Something hits you.
* * * LOW HITPOINT WARNING * * *
It was a potion of magic.
Magic courses through your body. Something hits you.
* * * LOW HITPOINT WARNING * * *
Unknown command.
It was a potion of attraction.
You feel attractive to monsters. Something hits you.
* * * LOW HITPOINT WARNING * * *
Unknown command.
Really quaff the potion of lignification?
Your tentacle spike disappears.
You turn into a tree.
Your roots penetrate the ground.
Something hits you but does no damage.
You closely miss something. Something hits you but does no damage.
You closely miss something.
An orc comes into view.
It is wielding a +2 hand axe of electrocution.
Something hits you but does no damage.
The orc shouts!
You smack something!
The orc hits you with a +2 hand axe of electrocution.
You die...

##.........#
...........#
#.........#
#.........####.
#.......†......
#......))..#..#
######.###...##
#.o.#..##
#♣#.#..#
#.#..... #.#
..#.# ... .>#
... ## ....#
....# .....#


You could see an orc.

Vanquished Creatures
  An orc wizard (D:3)
  Robin (D:3)
  3 adders
  4 worms
  2 dart slugs
  10 orcs
  7 endoplasms
  5 giant cockroaches
  10 goblins
  9 hobgoblins
  4 jackals (D:1)
  A quokka (D:1)
  6 ball pythons
  3 bats
  4 frilled lizards
  3 kobolds
  6 rats
79 creatures vanquished.

Vanquished Creatures (others)
  A fungus (D:1)
1 creature vanquished.

Grand Total: 80 creatures vanquished

Notes
Turn   | Place    | Note
-------+----------+-------------------------------------------
     0 | D:1      | zenocrate the Octopode Transmuter began the quest for the
                  | Orb.
     0 | D:1      | Reached XP level 1. HP: 13/13 MP: 3/3
     1 | D:1      | Found a runed translucent door.
    41 | D:1      | Reached skill level 1 in Stealth
    42 | D:1      | Reached XP level 2. HP: 18/18 MP: 3/5
   146 | D:1      | Reached XP level 3. HP: 13/23 MP: 4/6
   151 | D:1      | Learned a level 2 spell: Wereblood
   255 | D:1      | Found a faded altar of an unknown god.
  1580 | D:3      | Reached XP level 4. HP: 28/28 MP: 3/7
  1585 | D:3      | Learned a level 4 spell: Ice Form
  1747 | D:3      | Reached skill level 4 in Unarmed Combat
  1805 | D:3      | Noticed Robin
  1828 | D:3      | Killed Robin
  1830 | D:3      | Reached skill level 1 in Ice Magic
  2202 | D:3      | Reached XP level 5. HP: 33/33 MP: 4/8
  2936 | D:4      | Gained mutation: Your magical capacity is low. (-10% MP)
                  | [potion of mutation]
  2936 | D:4      | Gained mutation: You expend magic power (3 MP) to
                  | strengthen your wands. [potion of mutation]
  2936 | D:4      | Gained mutation: You are robust. (+10% HP) [potion of
                  | mutation]
  2942 | D:4      | Slain by an orc

Illustrated notes

Levels and vault maps discovered:
D:1:      dpeg_arrival_caged_fury, layout_basic,
          shapermc_ecumenical_altar_ellora
D:2:      layout_loops_ring
D:3:      layout_loops_corners, serial_glass, glass_columns_b, glass_columns_a,
          glass_columns_b, item_on_display_a, minmay_strange_pillars, uniq_robin
D:4:      layout_basic

Skill      XL: |  1  2  3  4 |
---------------+-------------+-----
Stealth        | 1 |  1.1
Transmutations | 3 |  3.8
Unarmed Combat | 4 |  4.4
Ice Magic      | 1 |  1.6
Fighting       | |  1.0
Dodging        | |  2.0
Spellcasting   | |  2.0

Action                     |  1- 3 |  4- 6 || total
---------------------------+-------+-------++-------
  Melee: Unarmed           |    75 |    88 ||   163
         Constrict         |    23 |    14 ||    37
         Kick              |    18 |    16 ||    34
         Tentacles         |    11 |    15 ||    26
         Punch             |     5 |     2 ||     7
   Cast: Beastly Appendage |    14 |     8 ||    22
         Wereblood         |    11 |     7 ||    18
    Use: Scroll            |       |     1 ||     1
         Potion            |       |     5 ||     5
   Stab: Sleeping          |     2 |     6 ||     8
 Armour: Skin              |     3 |     7 ||    10
  Dodge: Dodged            |    33 |    33 ||    66

Table legend: (Time is in decaauts)
 A = Elapsed time spent in this place.
 B = Non-inter-level travel time spent in this place.
 C = Inter-level travel time spent in this place.
 D = Time resting spent in this place.
 E = Time spent auto-exploring this place.
 F = Levels seen in this place.
 G = Mean time per level.
                   A        B        C        D        E       F      G
               +--------+--------+--------+--------+--------+-----+--------+
         Total |   2928 |   2865 |     63 |    160 |   2211 |   4 |  732.0 |
       Dungeon |   2928 |   2865 |     63 |    160 |   2211 |   4 |  732.0 |
               +--------+--------+--------+--------+--------+-----+--------+

Top non-repeatable levels by time:
     D:3: 1391 daAuts
     D:1: 848 daAuts
     D:2: 636 daAuts
     D:4: 52 daAuts
